 Dungeon Crawl Stone Soup version 0.26-b1-32-g5d43845318 (webtiles) character file.

Game seed: 9012607696049908816

61 theswoord the Cudgeller (level 3, 0/43 HPs)
             Began as a Demonspawn Monk on Jan 9, 2021.
             Slain by a howler monkey (2 damage)
             ... on level 4 of the Dungeon.
             The game lasted 00:01:50 (1308 turns).

theswoord the Cudgeller (Demonspawn Monk)           Turns: 1308, Time: 00:01:51

Health: 0/43       AC: 21    Str: 12    XL:     3   Next: 83%
Magic:  0/3        EV:  2    Int: 11    God:
Gold:   64         SH:  0    Dex: 15    Spells: 2/2 levels left

rFire    . . .     SeeInvis .   a - +0 mace
rCold    . . .     Faith    .   (no shield)
rNeg     + + +     Spirit   +   (armour currently unavailable)
rPois    +         Reflect  .   (helmet currently unavailable)
rElec    .         Harm     .   (cloak currently unavailable)
rCorr    .         Rampage  .   (gloves currently unavailable)
Will     .....     NoTele   +   (boots currently unavailable)
Stlth    ++........             k - amulet of guardian spirit
HPRegen  0.14/turn              (no ring)
MPRegen  0.08/turn              (no ring)

@: brilliant, lethally poisoned (0 -> -2), tree-form (expiring)
A: miasma immunity
a: no special abilities


You were on level 4 of the Dungeon.
You were a tree.
You visited 1 branch of the dungeon, and saw 3 of its levels.

You collected 64 gold pieces.

Inventory:

Hand Weapons
 a - a +0 mace (weapon)
Armour
 b - a +0 robe
 d - +0 pearl dragon scales (melded)
Jewellery
 k - an amulet of guardian spirit (around neck)
Scrolls
 e - 2 scrolls of teleportation {unknown}
 f - a scroll of amnesia {unknown}
 h - a scroll of immolation {unknown}
 i - 2 scrolls of identify {unknown}
 j - a scroll of fog {unknown}


   Skills:
 - Level 3.0 Fighting
 + Level 4.4 Maces & Flails
 - Level 2.6 Dodging
 - Level 1.7 Stealth


You had 2 spell levels left.
You didn't know any spells.
Your spell library was empty.

Dungeon Overview and Level Annotations

Branches:
Dungeon (2/15)

Altars:


Innate Abilities, Weirdness & Mutations

((You have large cloven feet.))
You are immune to miasma.


Message History

You closely miss the howler monkey.
The howler monkey is severely wounded.
The howler monkey hoots and howls with incredible vigour!
You hear an angry hiss.
Unknown command.
You closely miss the howler monkey.
The howler monkey is severely wounded.
You feel sick.
The howler monkey hits you but does no damage.
The howler monkey hits you.
* * * LOW HITPOINT WARNING * * *
You closely miss the howler monkey.
The howler monkey is heavily wounded.
An iguana comes into view.
The howler monkey hits you.
* * * LOW HITPOINT WARNING * * *
You closely miss the howler monkey.
The howler monkey is heavily wounded.
The howler monkey hits you.
You die...

... .l>. ...# ...#
#..# #..## #..#
#♣## ##h## #oo####
# ##ooZ..### .
#........### #.
#..........## ..
#...........####..
#...........##..oo
#.#..........o.#..


You could see a howler monkey, an iguana, 4 orcs and a centaur skeleton.

Vanquished Creatures
  2 adders (D:4)
  2 dart slugs (D:1)
  2 leopard geckos (D:1)
  An orc (D:4)
  A ball python (D:1)
  4 bats (D:1)
  2 giant cockroaches (D:1)
  5 goblins (D:1)
  4 hobgoblins
  3 jackals (D:1)
  2 frilled lizards (D:1)
  3 kobolds (D:1)
  3 rats (D:1)
34 creatures vanquished.

Vanquished Creatures (others)
  8 toadstools (D:2)
8 creatures vanquished.

Grand Total: 42 creatures vanquished

Notes
Turn   | Place    | Note
-------+----------+-------------------------------------------
     0 | D:1      | theswoord the Demonspawn Monk began the quest for the Orb.
     0 | D:1      | Reached XP level 1. HP: 18/18 MP: 1/1
   153 | D:1      | Reached skill level 3 in Maces & Flails
   160 | D:1      | Gained mutation: You are immune to miasma. [demonic
                  | ancestry]
   160 | D:1      | Reached XP level 2. HP: 7/24 MP: 2/2
   578 | D:1      | You fall into a shaft and drop 1 floor!
   741 | D:1      | Gained mutation: You have large cloven feet. [demonic
                  | ancestry]
   741 | D:1      | Reached XP level 3. HP: 29/29 MP: 3/3
   911 | D:1      | Reached skill level 4 in Maces & Flails
  1270 | D:2      | You fall into a shaft and drop 2 floors!
  1307 | D:4      | HP: 2/43 [howler monkey (2)]
  1308 | D:4      | Slain by a howler monkey

Skill      XL: |  1  2  3 |
---------------+----------+-----
Maces & Flails | 3 4 |  4.4
Fighting       | |  3.0
Dodging        | |  2.6
Stealth        | |  1.7

Action                   || total
-------------------------++-------
Melee: Mace              ||   127
       Kick              ||     4
  Use: Potion            ||     2
 Stab: Sleeping          ||     1
Armor: Pearl dragon scal ||    94
       Robe              ||     1
       Skin              ||    11
Dodge: Dodged            ||    66

Levels and vault maps discovered:
D:1:      zaba_arrival_water, layout_basic, minmay_split_cup_large
D:2:      cheibrodos_fertilizer, layout_basic, general_overflow_altar
D:4:      minmay_general_purpose_star, layout_cave_pods
